 Dungeon Crawl Stone Soup version 0.28.0-47-ge53b351184 (webtiles) character file.

Game seed: 6834813700630591713

9 RatsInWalls the Covered (level 2, -1/21 HPs)
             Began as a Human Wanderer on May 9, 2022.
             Slain by a rat (3 damage)
             ... on level 1 of the Dungeon.
             The game lasted 00:00:43 (237 turns).

RatsInWalls the Covered (Human Wanderer)             Turns: 237, Time: 00:00:44

Health: -1/21      AC:  8    Str: 13    XL:     2   Next: 25%
Magic:  2/2        EV:  9    Int:  9    God:
Gold:   0          SH:  0    Dex: 14    Spells: 1/1 levels left

rFire   . . .      SeeInvis .   a - +0 short sword
rCold   . . .      Faith    .   (no shield)
rNeg    . . .      Spirit   .   b - +2 scale mail
rPois   .          Reflect  .   (no helmet)
rElec   .          Harm     .   (no cloak)
rCorr   .          Rampage  .   (no gloves)
Will    .....                   (no boots)
Stlth   ..........              (no amulet)
HPRegen 0.07/turn               (no ring)
MPRegen 0.08/turn               (no ring)

@: no status effects
A: no striking features
a: no special abilities


You were on level 1 of the Dungeon.
You visited 1 branch of the dungeon, and saw 1 of its levels.

Inventory:

Hand Weapons
 a - a +0 short sword (weapon)
 d - a +0 dagger
Missiles
 c - 13 poisoned darts (quivered)
 e - 4 datura-tipped darts
Armour
 b - a +2 scale mail (worn)
Scrolls
 f - a scroll of teleportation {unknown}


   Skills:
 + Level 1.2 Fighting
 + Level 1.2 Short Blades
 + Level 2.1 Throwing
 + Level 3.1 Armour
 + Level 1.2 Dodging
 + Level 1.2 Stealth
 - Level 1.0 Evocations


You had one spell level left.
You didn't know any spells.
Your spell library was empty.

Dungeon Overview and Level Annotations

Branches:
Dungeon (1/15)

Altars:


Message History

You are too injured to fight recklessly!
You are too injured to fight recklessly!
You see here a frilled lizard corpse.
The kobold hits you with a +0 short sword.
You are too injured to fight recklessly!
You are too injured to fight recklessly!
You are too injured to fight recklessly!
You are too injured to fight recklessly!
You hit the kobold.
The kobold is severely wounded.
You barely miss the kobold.
The kobold is severely wounded.
The kobold hits you but does no damage.
The giant cockroach bites you but does no damage.
The kobold hits you with a +0 short sword.
* * * LOW HITPOINT WARNING * * *
You hit the kobold.
You kill the kobold!
The giant cockroach bites you.
* * * LOW HITPOINT WARNING * * *
Unknown command.
You hit the giant cockroach.
You kill the giant cockroach!
The rat bites you but does no damage.
You closely miss the rat. The rat bites you but does no damage.
You closely miss the rat. The rat bites you but does no damage.
You hit the rat.
The rat is heavily wounded.
The rat bites you.
* * * LOW HITPOINT WARNING * * *
You barely miss the rat.
The rat is heavily wounded.
The rat closely misses you.
You hit the rat but do no damage.
The rat is heavily wounded.
The rat barely misses you.
You closely miss the rat.
The rat is heavily wounded.
The rat bites you.
You die...

≈≈≈.≈<≈.≈≈..##
.≈.≈≈..≈≈≈.## ..#
..≈≈≈.≈≈≈≈.# ..# #...# #
#≈≈≈≈≈≈≈≈≈.## #.###...#.
#..≈≈≈≈.≈...# #..##...#.
≈..≈≈≈≈≈.#.#####..##....
...≈≈.≈≈.##.##.....#...#
#...≈.≈≈†..###.#...##..#
.#...#..≈...##.#@#.##†.#
#.#.##...#..#.#r#..#r.#####
##.#.###.##.#.#....#......#
#.##..####.#.####†#......#
## ##...##.#......r......#
##.#####.####....#####
#.......# #..>.+ #########
#....# #....#


You could see a rat.

Vanquished Creatures
  An endoplasm (D:1)
  A giant cockroach (D:1)
  A goblin (D:1)
  A hobgoblin (D:1)
  2 bats (D:1)
  A frilled lizard (D:1)
  A kobold (D:1)
  A rat (D:1)
9 creatures vanquished.

Notes
Turn   | Place    | Note
-------+----------+-------------------------------------------
     0 | D:1      | RatsInWalls the Human Wanderer began the quest for the Orb.
     0 | D:1      | RatsInWalls set off with the following items: a +0 short
                  | sword, a +2 scale mail, 13 poisoned darts, a +0 dagger
     0 | D:1      | Reached XP level 1. HP: 15/15 MP: 1/1
    87 | D:1      | Reached XP level 2. HP: 13/21 MP: 2/2
   237 | D:1      | Slain by a rat

Illustrated notes

Levels and vault maps discovered:
D:1:      dpeg_arrival_subterranean_lakeside_camping, layout_basic

Action                   || total
-------------------------++-------
Melee: Short sword       ||    46
Armor: Scale mail        ||    33
Dodge: Dodged            ||    33
